 Dungeon Crawl Stone Soup version 0.31-a0-1163-gcee99d1 (webtiles) character file.

Game seed: 6637303614636073879

1425578 mightyno9 the Sorcerer (level 26, 227/227 HPs)
             Began as a Mummy Conjurer on Nov 16, 2023.
             Was a High Priest of Ashenzari.
             Escaped with the Orb
             ... and 3 runes on Dec 8, 2023!
             The game lasted 05:18:22 (99684 turns).

mightyno9 the Sorcerer (Mummy Conjurer)            Turns: 99684, Time: 05:18:23

Health: 227/227    AC: 25    Str: 16 (18) XL:     26   Next: 49%
Magic:  63/63      EV: 14    Int: 29 (34) God:    Ashenzari [*****.]
Gold:   6667       SH: 13    Dex: 11 (12) Spells: 9/79 levels left

rFire   + + .        a - staff of fire
rCold   + . .        f - +0 kite shield of the Chained Ether {Elem, Fort} (curse)
rNeg    + + +        t - +5 ring mail "Circumscribed Together" {rF+, Fort, Self} (curse)
rPois   ∞            B - +0 helmet "Restrained Sorrow" {Int+3, Range, Fort} (curse)
rElec   +            M - +4 dragonskin cloak {Self, Cun} (curse)
rCorr   .            K - +0 pair of gloves of Supernal Gnosis {Bglg, Self} (curse)
SInv    +            q - +2 pair of boots of Panopticon {Fly, Dev, Elem} (curse)
Will    +++..        x - amulet of the Unveiling Yoke {Regen+, Alch, Fort} (curse)
Stlth   ++           P - ring "At What Cost Knowledge?" {rElec MP+9 Str+5 Int+6, Fort, Self} (curse)
HPRegen 1.37/turn    J - ring of protection from fire
MPRegen 0.38/turn

%: clarity, faith
@: flying
A: cold resistance 1, negative energy resistance 3, torment resistance 2, heat
vulnerability 1, in touch with death 2, no potions, faith
0: Orb of Zot
}: 3/15 runes: decaying, serpentine, silver
a: Renounce Religion, Curse Item, Shatter the Chains


You escaped.
You worshipped Ashenzari.
Ashenzari was extremely pleased with you.
You visited 10 branches of the dungeon, and saw 48 of its levels.
You also visited: Bailey, Volcano and Wizlab.

You collected 9518 gold pieces.
You spent 2851 gold pieces at shops.

Inventory:

Hand Weapons
 c - a +2 vampiric demon trident
 h - the +9 broad axe of Expedience {heavy, Int+4}
   (You found it on level 15 of the Dungeon)

   Int+4:     It affects your intelligence (+4).
 G - the +0 rapier "Edumeone" {spect, *Noise rPois Will++ Str+3}
   (You took it off a kobold in a bailey)

   Str+3:     It affects your strength (+3).
   rPois:     It protects you from poison Will++: It greatly increases your
   willpower.
   *Noise:    It may make a loud noise when swung.
Missiles
 s - 6 curare-tipped darts
 v - 12 javelins
 F - 64 boomerangs
 H - 2 throwing nets
Armour
 f - the cursed +0 kite shield of the Chained Ether (worn) {Elem, Fort}
   (You took it off a gnoll sergeant on level 11 of the Dungeon)

   It has a curse which improves the following skills: Elements: Fire Magic, Ice
   Magic, Air Magic and Earth Magic.
   Fortitude: Armour and Shields.
 q - the cursed +2 pair of boots of Panopticon (worn) {Fly, Dev, Elem}
   (You found it on level 3 of the Elven Halls)

   It has a curse which improves the following skills: Devices: Evocations.
   Elements:  Fire Magic, Ice Magic, Air Magic and Earth Magic.
 t - the cursed +5 ring mail "Circumscribed Together" (worn) {rF+, Fort, Self}
   (You took it off a human in a volcano)

   It has a curse which improves the following skills: Fortitude: Armour and
   Shields.
   Introspection: Fighting and Spellcasting.
 B - the cursed +0 helmet "Restrained Sorrow" (worn) {Int+3, Range, Fort}
   (You bought it in a shop on level 14 of the Dungeon)

   It has a curse which improves the following skills: Ranged Combat: Ranged
   Weapons and Throwing.
   Fortitude: Armour and Shields.
 K - the cursed +0 pair of gloves of Supernal Gnosis (worn) {Bglg, Self}
   (You found it on level 10 of the Dungeon)

   It has a curse which improves the following skills: Beguiling: Conjurations,
   Hexes and Translocations.
   Introspection: Fighting and Spellcasting.
 M - the cursed +4 dragonskin cloak (worn) {Self, Cun}
   (You took it off Tiamat on level 1 of the Realm of Zot)

   Avatar's Aegis: It grants the wearer a chance to resist fire, cold, poison,
   electricity, acid, and negative energy.
   It has a curse which improves the following skills: Introspection: Fighting
   and Spellcasting.
   Cunning:   Dodging and Stealth.
Magical Staves
 a - a staff of fire (weapon)
Jewellery
 n - a ring of protection from fire
 r - a ring of protection from cold
 x - the cursed amulet of the Unveiling Yoke (around neck) {Regen+, Alch, Fort}
   (You found it on level 6 of the Dungeon)

   [amulet of regeneration]

   Regen+:    It increases your rate of health regeneration.
   It has a curse which improves the following skills: Alchemy: Poison Magic and
   Transmutations.
   Fortitude: Armour and Shields.
 A - a ring of resist corrosion
 C - a +6 ring of intelligence
 J - a ring of protection from fire (right hand)
 N - an amulet of magic regeneration
 P - the cursed ring "At What Cost Knowledge?" (left hand) {rElec MP+9 Str+5 Int+6, Fort, Self}
   (You bought it in a shop on level 3 of the Snake Pit)

   [ring of intelligence]

   Str+5:     It affects your strength (+5).
   Int+6:     It affects your intelligence (+6).
   rElec:     It insulates you from electricity.
   MP+9:      It affects your magic capacity (+9).
   It has a curse which improves the following skills: Fortitude: Armour and
   Shields.
   Introspection: Fighting and Spellcasting.
 Q - an amulet of reflection
 T - a ring of willpower
Wands
 g - a wand of polymorph (40)
 k - a wand of flame (101)
 l - a wand of roots (58)
 p - a wand of light (13)
 u - a wand of digging (3)
 E - a wand of paralysis (67)
 I - a wand of mindburst (58)
Scrolls
 b - 8 scrolls of amnesia
 d - a scroll of blinking
 i - 7 scrolls of vulnerability
 j - 25 scrolls of teleportation
 m - 3 scrolls of immolation
 o - 2 scrolls of silence
 w - 5 scrolls of fear
 y - 12 scrolls of enchant armour
 z - a scroll of brand weapon
 D - 14 scrolls of enchant weapon
 L - 10 scrolls of fog
 O - 10 scrolls of poison
 R - a scroll of torment
 S - a scroll of butterflies


   Skills:
 - Level 18.0(22.8) Fighting
 - Level 6.0(8.1) Throwing
 - Level 7.2(12.9) Armour
 - Level 11.0(13.1) Dodging
 + Level 9.5(11.7) Stealth
 - Level 11.4(17.2) Shields
 - Level 23.9(27) Spellcasting
 - Level 9.8(12.0) Conjurations
 - Level 4.0(6.0) Hexes
 - Level 5.8 Necromancy
 - Level 4.0(6.0) Translocations
 - Level 5.8(8.0) Transmutations
 - Level 23.4(26.1) Ice Magic
 - Level 5.3(8.4) Air Magic
 - Level 8.8(12.0) Earth Magic
 - Level 9.8(12.0) Evocations


You had 9 spell levels left.
You knew the following spells:

 Your Spells              Type           Power      Damage    Failure   Level
a - Magic Dart            Conj           100%       1d8       0%          1
b - Searing Ray           Conj           100%       2d8       1%          2
c - Fulminant Prism       Conj/Hex       37%        3d17      1%          4
d - Iskenderun's Mystic   Conj/Tloc      74%        2d15      1%          4
e - Blink                 Tloc           100%       N/A       1%          2
f - Polar Vortex          Ice            56%        12d7*     3%          9
g - Inner Flame           Hex/Fire       72%        N/A       1%          3
h - Freezing Cloud        Conj/Ice/Air   46%        6-21      1%          5
i - Passwall              Tmut/Erth      64%        N/A       1%          2
j - Poisonous Vapours     Pois/Air       100%       N/A       1%          2
k - Dispel Undead         Necr           100%       3d31      1%          4
l - Bombard               Conj/Erth      41%        9d7       1%          6
m - Ozocubu's Refrigerat  Ice            56%        4d20      1%          7
n - Borgnjor's Vile Clut  Necr/Erth      58%        N/A       1%          5
o - Irradiate             Conj/Tmut      38%        3d24      1%          5
p - Yara's Violent Unrav  Hex/Tmut       34%        3d14      2%          5
q - Vhi's Electric Charg  Tloc/Air       100%       N/A       1%          4

Your spell library contained the following spells:

 Spells                   Type           Power      Damage    Failure   Level
 Sandblast                Erth           100%       2d20      0%          1
 Ensorcelled Hibernation  Hex/Ice        100%       N/A       0%          2
 Hailstorm                Conj/Ice       99%        3d16      0%          3
 Ozocubu's Armour         Ice            100%       N/A       0%          3
 Foxfire                  Conj/Fire      100%       2x1d9     1%          1
 Shock                    Conj/Air       100%       1d9       1%          1
 Slow                     Hex            100%       N/A       1%          1
 Sting                    Tmut/Pois      100%       1d8       1%          1
 Cigotuvi's Dreadful Rot  Necr/Pois/Air  100%       N/A       1%          2
 Jinxbite                 Hex            100%       N/A       1%          2
 Lesser Beckoning         Tloc           100%       N/A       1%          2
 Momentum Strike          Conj/Tloc      100%       3d10      1%          2
 Scorch                   Fire           100%       2d9       1%          2
 Static Discharge         Conj/Air       100%       3-8/arc   1%          2
 Confusing Touch          Hex            65%        N/A       1%          3
 Dazzling Flash           Conj/Hex       100%       N/A       1%          3
 Gell's Gravitas          Tloc           65%        N/A       1%          3
 Ignite Poison            Fire/Tmut/Pois 71%        N/A       1%          3
 Mephitic Cloud           Conj/Pois/Air  68%        N/A       1%          3
 Stone Arrow              Conj/Erth      100%       3d13      1%          3
 Swiftness                Air            73%        N/A       1%          3
 Teleport Other           Tloc           65%        N/A       1%          3
 Tukima's Dance           Hex            65%        N/A       1%          3
 Volatile Blastmotes      Fire/Tloc      100%       2d18      1%          3
 Airstrike                Air            36%        2d(6-22)  1%          4
 Anguish                  Hex/Necr       52%        N/A       1%          4
 Animate Dead             Necr           100%       N/A       1%          4
 Brom's Barrelling Bould  Conj/Erth      83%        2d9       1%          4
 Dimensional Bullseye     Hex/Tloc       32%        N/A       1%          4
 Flame Wave               Conj/Fire      85%        2d18      1%          4
 Manifold Assault         Tloc           65%        N/A       1%          4
 Passage of Golubria      Tloc           65%        N/A       1%          4
 Petrify                  Tmut/Erth      77%        N/A       1%          4
 Sticky Flame             Conj/Fire      85%        2d10      1%          4
 Summon Ice Beast         Ice/Summ       86%        N/A       1%          4
 Arcjolt                  Conj/Air       39%        1d49      1%          5
 Metabolic Englaciation   Hex/Ice        46%        N/A       1%          5
 Simulacrum               Ice/Necr       69%        N/A       1%          6
 Call Imp                 Summ           78%        N/A       2%          2
 Summon Lightning Spire   Summ/Air       59%        N/A       2%          4
 Silence                  Hex/Air        34%        N/A       2%          5
 Agony                    Necr           100%       N/A       4%          5
 Alistair's Intoxication  Tmut/Pois      38%        N/A       9%          5
 Summon Forest            Summ/Tloc      27%        N/A       13%         5
 Summon Mana Viper        Hex/Summ       54%        N/A       13%         5
 Olgreb's Toxic Radiance  Pois           40%        N/A       14%         4
 Starburst                Conj/Fire      42%        6d12      19%         6
 Death Channel            Necr           52%        N/A       22%         6
 Plasma Beam              Fire/Air       38%        2x1d52    36%         6
 Eringya's Noxious Bog    Tmut/Pois      29%        4d6       41%         6
 Lehudib's Crystal Spear  Conj/Erth      41%        10d10     58%         8
 Enfeeble                 Hex            32%        N/A       75%         7
 Summon Cactus Giant      Summ           19%        N/A       94%         6
 Maxwell's Capacitive Co  Air            36%        ∞         97%         8
 Malign Gateway           Summ/Tloc      27%        N/A       98%         7
 Haunt                    Necr/Summ      45%        N/A       99%         7
 Summon Hydra             Summ           19%        N/A       100%        7
 Discord                  Hex            32%        N/A       100%        8
 Ignition                 Fire           29%        3d9       100%        8
 Infestation              Necr           52%        N/A       100%        8
 Summon Horrible Things   Summ           19%        N/A       100%        8
 Shatter                  Erth           41%        3d32*     100%        9
 Sublimation of Blood     Necr           Unusable   N/A       N/A         2
 Borgnjor's Revivificati  Necr           Unusable   N/A       N/A         8
 Death's Door             Necr           Unusable   N/A       N/A         9

Dungeon Overview and Level Annotations

Branches:
Dungeon (15/15)            Temple (1/1) D:4            Lair (5/5) D:11
  Swamp (4/4) Lair:2        Snake (4/4) Lair:2        Slime (0/5) Lair:4
    Orc (2/2) D:9             Elf (3/3) Orc:2        Vaults (5/5) D:14
  Crypt (0/3) Vaults:3     Depths (4/4) D:15            Zot (5/5) Depths:4
 Bailey (visited)         Volcano (visited)          WizLab (visited)

Altars:
Ashenzari
Cheibriados
Dithmenos
Fedhas
Gozag
Hepliaklqana
Kikubaaqudgha
Makhleb
Nemelex Xobeh
Okawaru
Qazlal
Ru
Sif Muna
Trog
Uskayaw
Vehumet
Wu Jian
Xom
Yredelemnul
Jiyva
Lugonu

Shops:
D:4 *   D:13 :[   D:14 [   Orc:2 *:!?   Snake:3 =*   Snake:4 :   Vaults:2 !
Vaults:4 !   Vaults:5 [[   Depths:3 (

Portals:
Hell: Depths:1 Depths:2 Depths:3 Depths:4
Abyss: Depths:3
Pandemonium: Depths:1 Depths:2 Depths:4
Ziggurat: Depths:1
Trove: Vaults:3 (give 2 scrolls of acquirement)

Annotations:
Lair:5 2 runed translucent doors
Depths:1 3 runed translucent doors, Plog's ghost, veteran SpBr
Depths:4 3 runed translucent doors, Guiptisch's ghost, veteran SpBr
Zot:3 2 transporters, exclusion: orange crystal statue, Cigeacw's ghost, veteran MiFi; Fimom's ghost, legendary FoHu; Ris Kia's ghost, legendary MiFi
Zot:4 exclusion: 2 upstairs
Zot:5 exclusion: 2 upstairs


Innate Abilities, Weirdness & Mutations

You are immune to poison.
Your flesh is cold resistant. (rC+)
You are immune to negative energy. (rN+++)
You are immune to unholy pain and torment.
You are vulnerable to heat. (rF-)
You are strongly in touch with the powers of death.
You do not drink.
You have a special connection with the divine. (Faith)


Message History

Unknown command.
Unknown command.
There is an open door here.
There is a stone staircase leading up here.
You fly upwards.
There is a stone staircase leading down here.
Things that are here:
a +0 dagger; a +0 club
Things that are here:
2 stones; a +0 short sword; a +0 dagger You see here a +0 dagger.
There is an open door here.
You see here 2 potions of haste.
You sense a monster nearby.
A Hell Sentinel comes into view.
The Hell Sentinel moves out of view.
There is a stone staircase leading up here.
You fly upwards.
There is a stone staircase leading down here.
You see here a +0 robe.
You see here a +0 club.
You see here a +0 club.
Items here: )) [[.
There is a stone staircase leading up here.
You fly upwards.
There is a stone staircase leading down here.
There is a stone staircase leading up here.
You fly upwards.
There is a stone staircase leading down here.
You reach down and open the door.
There is an open door here.
There is a stone staircase leading up here.
You fly upwards.
There is a stone staircase leading down here.
Blink to where?
Press: ? - help, Dir - move target A ynoxinul comes into view.
As you read the scroll of blinking, it crumbles to dust.
The ynoxinul bellows!
You have escaped!

......#.....#...#...#......##.##
......#..#...#..#..#...#.......#
..........#..#..#..#..#....##..#
...........#..#.#.#..#.....##..#
........#...#.#.#.#.#...#..#.).#
######...##..#.#.#.#..##...######
## #.....##.#...#.##.....# #...
.# #.......#.....#.......# #.##
)# #.######3..@...######.###.#
.#####.......#.....#.........#.#
....##.....##.#...#.##.....#.#.#
.##.##...##..#.#.#.#..##...#...#
.##..#..#...#.#.#.#.#...#..#.###
.###.......#..#.#.#..#.....#.#
.####.....#..#..#..#..#....#.#
.##......#...#..#..#...#...#.#
.##.........#...#...#......#.#


You could see a ynoxinul.

Vanquished Creatures
  8 dread liches
  3 ancient liches
  Tiamat (Zot:1)
  2 orbs of fire (Zot:5)
  Mara (Depths:1)
  5 Killer Klowns (Zot:5)
  A Head Instructor (WizLab)
  A pandemonium lord (D:6)
  Xtahua (Depths:3)
  Vashnia (Snake:3)
  A curse toe (Zot:5)
  Saint Roka (Orc:2)
  9 golden dragons
  A profane servitor (D:12)
  Nikola (Elf:2)
  Norris (Vaults:1)
  A Brimstone Fiend (Depths:2)
  An electric golem (Zot:5)
  Jorgrun (Orc:1)
  18 tentacled monstrosities
  Mlioglotl (Snake:1)
  9 quicksilver dragons
  2 deep elf master archers (Elf:3)
  6 liches
  22 Orb Guardians (Zot:5)
  3 sphinxes
  2 walking earthen tomes (Depths:3)
  A walking divine tome (Depths:3)
  3 deep elf blademasters
  2 titans
  Frances (D:14)
  12 death cobs
  A thorn hunter (Swamp:1)
  15 storm dragons
  Kirke (D:14)
  8 shadow dragons
  8 draconian monks
  The ghost of Joahel the Bludgeoner, an adept MiAK of Lugonu (D:15)
  Aizul (Snake:2)
  11 nagarajas
  6 tengu reavers
  2 rockslimes (D:15)
  6 draconian knights
  6 fire giants
  2 ghost moths
  5 iron dragons
  6 frost giants
  9 deep elf sorcerers
  18 vault wardens
  3 balrugs
  7 draconian shifters
  2 caustic shrike zombies (Depths:1)
  11 draconian scorchers
  6 deep elf elementalists (Elf:3)
  A cacodemon (Depths:1)
  2 reapers (Depths:4)
  4 draconian annihilators
  20 ironbound preservers
  3 orc warlords (Vaults:3)
  3 ghouls
  A quicksilver ooze (shapeshifter) (Vaults:5)
  2 war gargoyles (Vaults:5)
  29 very ugly things
  2 formless jellyfish
  3 draconian stormcallers
  15 stone giants
  7 ironbound thunderhulks
  9 eleionomae
  10 green draconians
  6 deep elf demonologists
  4 vampire knights
  9 red draconians
  16 black draconians
  5 bunyips
  14 purple draconians
  7 deep elf annihilators (Elf:3)
  13 yellow draconians
  A spark wasp (shapeshifter) (Vaults:5)
  A bunyip (shapeshifter) (Vaults:5)
  The ghost of Kave the Grappler, a journeyman TrSh of Sif Muna (D:12)
  9 dire elephants
  Azrael (Snake:2)
  5 spark wasps
  11 white draconians
  Snorg (Lair:5)
  10 fire dragons
  A blizzard demon (Zot:5)
  An eidolon (Vaults:3)
  A green death (Zot:5)
  10 ettins
  5 deep elf high priests
  A quicksilver dragon zombie (Depths:1)
  A shambling mangrove (Swamp:4)
  5 deep elf death magi
  11 crystal guardians (Depths:2)
  Josephine (Orc:2)
  12 yaktaur captains
  3 great orbs of eyes
  2 entropy weavers
  35 vault guards
  6 ice dragons
  3 rakshasas
  Fannar (D:9)
  17 hydras
  7 ogre magi
  7 alligators
  5 spriggan air magi
  2 ghost crabs
  8 ironbound frosthearts
  Erolcha (D:9)
  11 anacondas
  A catoblepas (Lair:5)
  6 centaur warriors
  3 death knights
  13 naga warriors
  10 boulder beetles
  15 two-headed ogres
  9 deep troll earth magi
  5 occultists
  3 tengu warriors
  2 orc high priests (Orc:2)
  2 vampire magi
  A titan zombie (Depths:1)
  28 dancing weapons
  6 hell knights
  11 shock serpents
  11 hell hogs
  4 deep troll shamans
  Sonja (D:10)
  10 spriggan berserkers
  23 deep elf knights
  15 naga sharpshooters
  2 soul eaters (Depths:2)
  4 sun demons
  Urug (D:10)
  5 skysharks
  4 iron trolls
  A shadow wraith (Vaults:4)
  A goliath frog (Swamp:3)
  12 skeletal warriors
  A golden dragon zombie (Depths:1)
  6 salamander mystics
  A sixfirhy (Depths:4)
  5 spriggan druids
  A glowing orange brain (shapeshifter) (Vaults:5)
  60 deep trolls
  3 phantasmal warriors
  6 deep elf archers
  4 glowing orange brains
  13 ironbound convokers
  13 naga ritualists
  An orb spider (shapeshifter) (Vaults:5)
  28 deep elf pyromancers
  13 arcanists
  A steelbarb worm (shapeshifter) (Depths:3)
  12 swamp dragons
  11 lindwurms
  5 bog bodies
  Pikel (D:4)
  14 harpies
  An orange crystal statue (Depths:2)
  5 necromancers
  A wolf spider (Vaults:5)
  An oklob plant (Lair:5)
  40 ugly things
  21 mana vipers
  A mana viper (shapeshifter) (D:15)
  7 orc sorcerers
  31 deep elf zephyrmancers
  A fire giant zombie (Depths:1)
  3 frost giant zombies (Depths:1)
  4 tengu zombies (Depths:1)
  A manticore (D:11)
  9 orc knights
  9 elephants
  2 stone giant zombies (Depths:1)
  3 cyclopes
  21 salamanders
  6 will-o-the-wisps (Swamp:4)
  15 moths of wrath
  4 toenail golems (Volcano)
  6 guardian serpents
  A manticore (shapeshifter) (Vaults:5)
  A rust devil (D:6)
  59 black mambas
  28 naga magi
  13 cane toads
  3 kobold blastminers (Orc:2)
  Joseph (D:8)
  A water nymph (shapeshifter) (Depths:4)
  15 vault sentinels
  3 torpor snails
  An elf zombie (Vaults:2)
  4 molten gargoyles
  A torpor snail (shapeshifter) (Vaults:5)
  5 smoke demons
  7 spriggan zombies (Depths:1)
  2 gargoyles
  An unseen horror (D:13)
  2 orange demons (Depths:1)
  6 rime drakes
  2 freezing wraiths
  3 kobold demonologists
  A tormentor (Depths:2)
  12 komodo dragons
  30 yaktaurs
  3 tengu conjurers
  3 bloated husks
  A queen bee (shapeshifter) (Elf:2)
  7 trolls
  A meliai (shapeshifter) (D:14)
  4 polar bears
  9 blink frogs
  9 hornets
  A tarantella (Vaults:2)
  6 tyrant leeches
  A glass eye (Depths:3)
  20 dream sheep
  A fire giant simulacrum (Vaults:2)
  23 slime creatures
  11 spriggans
  3 air elementals (Elf:1)
  A flying skull (Vaults:3)
  A jumping spider (Vaults:1)
  A shadow (D:9)
  9 wraiths
  A vampire (D:13)
  A ynoxinul (D:6)
  A small abomination (D:13)
  A wyvern (shapeshifter) (D:15)
  37 yaks
  10 wyverns
  3 hogs (D:14)
  9 basilisks
  4 water elementals
  6 steam dragons
  4 humans (Volcano)
  A redback (Vaults:1)
  5 fire elementals
  5 vampire mosquitoes (Swamp:3)
  62 nagas
  3 wargs
  15 swamp worms
  A human zombie (Depths:1)
  A glowing shapeshifter zombie (Depths:1)
  An acid dragon (D:11)
  The ghost of Agrajag the Sneak, an amateur VSBr (D:3)
  16 water moccasins
  10 hell hounds
  An ogre skeleton (Vaults:2)
  13 swamp drakes
  2 ice beasts (D:8)
  28 orc warriors
  The ghost of Dana the Chopper, an amateur MiFi (D:4)
  3 black bears
  17 wolves
  15 ogres
  2 human skeletons (Vaults:2)
  9 centaurs
  A phantom (D:6)
  14 kobold brigands
  8 bullfrogs
  5 gnoll sergeants
  3 necrophages (Swamp:3)
  4 scorpions
  A wight (D:4)
  A water moccasin skeleton (D:4)
  20 killer bees
  2 electric eels (D:11)
  A howler monkey (D:6)
  A centaur zombie (D:4)
  7 lava snakes
  8 hounds
  6 jellies
  36 orc priests
  A bullfrog skeleton (D:4)
  7 hell rats (Lair:5)
  49 orc wizards
  5 iguanas
  An adder (shapeshifter) (D:14)
  22 gnolls
  6 adders
  2 shadow imps (D:6)
  2 white imps
  A worm (D:3)
  2 dart slugs
  98 orcs
  10 ball pythons
  12 bats
  11 endoplasms
  5 giant cockroaches
  15 goblins
  6 hobgoblins
  2 jackals (D:3)
  A quokka (D:1)
  3 frilled lizards
  60 kobolds
  4 rats
  14 spectral weapons
2303 creatures vanquished.

Vanquished Creatures (others)
  2 swamp dragons
  A black mamba (Snake:2)
  A bloated husk (Swamp:1)
  2 kobolds (D:6)
  10 foxfires (Swamp:4)
  170 fulminant prisms
  3 spectral weapons
  2 starspawn tentacles (Snake:1)
191 creatures vanquished.

Grand Total: 2494 creatures vanquished

Notes
Turn   | Place    | Note
-------+----------+-------------------------------------------
     0 | D:1      | mightyno9 the Mummy Conjurer began the quest for the Orb.
     0 | D:1      | Reached XP level 1. HP: 13/13 MP: 4/4
   155 | D:1      | Reached XP level 2. HP: 19/19 MP: 1/5
   192 | D:1      | Learned a level 2 spell: Searing Ray
   937 | D:1      | Reached XP level 3. HP: 24/24 MP: 2/7
  1148 | D:2      | Upgraded the game from 0.31-a0-1010-g5322dac to
                  | 0.31-a0-1134-gb247575
  1764 | D:2      | Reached XP level 4. HP: 30/30 MP: 9/9
  1830 | D:2      | Learned a level 4 spell: Fulminant Prism
  1835 | D:2      | Learned a level 4 spell: Iskenderun's Mystic Blast
  2500 | D:3      | Noticed Agrajag's ghost (amateur VSBr)
  2500 | D:3      | Noticed a kobold brigand
  2500 | D:3      | Found a runed translucent gate.
  2500 | D:3      | Found a runed translucent gate.
  2500 | D:3      | Found a runed translucent gate.
  2621 | D:3      | Reached XP level 5. HP: 33/35 MP: 11/11
  2729 | D:3      | Found a faded altar of an unknown god.
  2896 | D:3      | Reached skill level 5 in Spellcasting
  3122 | D:3      | Found a snail-covered altar of Cheibriados.
  3407 | D:4      | Reached skill level 5 in Conjurations
  3505 | D:4      | Found a sacrificial altar of Ru.
  3516 | D:4      | Found a blossoming altar of Fedhas.
  3714 | D:4      | Found a staircase to the Ecumenical Temple.
  3720 | Temple   | Entered the Ecumenical Temple
  3735 | Temple   | Became a worshipper of Ashenzari the Shackled
  3785 | D:4      | Reached XP level 6. HP: 41/41 MP: 14/14
  3878 | D:4      | Found Haith's Assorted Antiques.
  4167 | D:4      | Found a transporter.
  4169 | D:4      | Noticed Dana's ghost (amateur MiFi)
  4198 | D:4      | Found a transporter.
  4201 | D:4      | Noticed Pikel
  4240 | D:4      | Killed Pikel
  4241 | D:4      | Reached skill level 1 in Hexes
  4241 | D:4      | Reached XP level 7. HP: 46/46 MP: 17/18
  4428 | D:5      | Entered Level 5 of the Dungeon
  4538 | D:5      | Learned a level 2 spell: Blink
  4691 | D:5      | Reached XP level 8. HP: 52/52 MP: 20/20
  5133 | D:5      | Reached * piety under Ashenzari
  6434 | D:6      | Reached skill level 1 in Translocations
  6627 | D:6      | Reached XP level 9. HP: 57/57 MP: 12/21
  6664 | D:6      | Reached ** piety under Ashenzari
  7189 | D:6      | Reached skill level 1 in Fighting
  8209 | D:7      | Found a hide-covered altar of Uskayaw.
  8209 | D:7      | Found a sparkling altar of Nemelex Xobeh.
  8215 | D:7      | Found a bloodstained altar of Trog.
  8216 | D:7      | Found an ancient bone altar of Kikubaaqudgha.
  8243 | D:7      | Found an ornate altar of the Wu Jian Council.
  8243 | D:7      | Found a basalt altar of Yredelemnul.
  8267 | D:7      | Found an iron altar of Okawaru.
  8268 | D:7      | Found a shimmering altar of Xom.
  8396 | D:7      | Reached skill level 10 in Spellcasting
  8402 | D:7      | Identified the +2 falchion "Toeriddi" {flame, Dex+3}
  8666 | D:8      | Reached XP level 10. HP: 72/74 MP: 22/26
  8756 | D:8      | Found a flagged portal.
  8762 | Bailey   | Entered a bailey
  9037 | Bailey   | Identified the +0 rapier "Edumeone" {spect, *Noise rPois
                  | Will++ Str+3}
  9037 | Bailey   | Identified the +2 robe of Plog {rF+ rC- Int+3}
  9139 | Bailey   | Found a bloodstained altar of Trog.
  9367 | D:8      | Noticed Joseph
  9380 | D:8      | Killed Joseph
  9659 | D:8      | Reached skill level 1 in Throwing
 10246 | D:8      | Noticed a boulder beetle
 10353 | D:9      | Noticed a two-headed ogre
 10363 | D:9      | Killed a two-headed ogre
 10376 | D:8      | Reached *** piety under Ashenzari
 10623 | D:9      | Found a staircase to the Orcish Mines.
 10634 | D:9      | Identified the +1 plate armour of the Ant {Rampage +Blink}
 10850 | D:9      | Noticed Erolcha
 10858 | D:9      | Killed Erolcha
 10981 | D:9      | Reached skill level 5 in Armour
 10981 | D:9      | Reached XP level 11. HP: 83/83 MP: 19/27
 11130 | D:9      | Reached skill level 5 in Fighting
 11218 | D:9      | Noticed a two-headed ogre
 11229 | D:9      | Killed a two-headed ogre
 11230 | D:9      | Reached skill level 1 in Shields
 11872 | D:9      | Learned a level 3 spell: Mephitic Cloud
 11873 | D:10     | Entered Level 10 of the Dungeon
 11957 | D:10     | Identified Sif Muna's Atlas of Anemomancy
 11997 | D:10     | Noticed Sonja
 12006 | D:10     | Killed Sonja
 12016 | D:10     | Noticed a two-headed ogre
 12024 | D:10     | Killed a two-headed ogre
 12210 | D:10     | Noticed Urug
 12221 | D:10     | Killed Urug
 12581 | D:10     | Reached **** piety under Ashenzari
 13172 | D:11     | Noticed a two-headed ogre
 13181 | D:11     | Killed a two-headed ogre
 13204 | D:11     | Noticed a deep elf pyromancer
 13214 | D:11     | Killed a deep elf pyromancer
 13214 | D:11     | Noticed a four-headed hydra
 13582 | D:11     | Noticed a boulder beetle
 13666 | D:11     | Reached skill level 1 in Evocations
 13668 | D:11     | Killed a boulder beetle
 13669 | D:11     | Reached XP level 12. HP: 103/103 MP: 8/30
 14296 | D:11     | Killed a four-headed hydra
 14510 | D:11     | Found a staircase to the Lair.
 14951 | Lair:1   | Entered Level 1 of the Lair of Beasts
 14952 | Lair:1   | Upgraded the game from 0.31-a0-1134-gb247575 to
                  | 0.31-a0-1144-g99969ba
 15117 | Lair:1   | Learned a level 3 spell: Inner Flame
 16452 | Lair:2   | HP: 3/105 [cane toad (21)]
 16593 | Lair:2   | Found a staircase to the Snake Pit.
 16613 | Lair:2   | Reached skill level 5 in Throwing
 17193 | Lair:2   | Reached skill level 5 in Shields
 17674 | Lair:2   | Reached skill level 10 in Fighting
 17860 | Lair:2   | Learned a level 5 spell: Freezing Cloud
 18079 | Lair:2   | Found a staircase to the Swamp.
 18416 | Lair:3   | Reached skill level 1 in Ice Magic
 18416 | Lair:3   | Reached skill level 1 in Air Magic
 18585 | Lair:3   | Gained mutation: You are strongly in touch with the powers
                  | of death. [Mummy growth]
 18585 | Lair:3   | Reached XP level 13. HP: 78/111 MP: 16/31
 20479 | Lair:4   | Found a staircase to the Slime Pits.
 20479 | Lair:4   | Found a viscous altar of Jiyva.
 21338 | Lair:5   | Entered Level 5 of the Lair of Beasts
 21342 | Lair:5   | Reached skill level 5 in Ice Magic
 21342 | Lair:5   | Reached skill level 5 in Air Magic
 21617 | Lair:5   | Found a dark tunnel.
 21627 | Volcano  | Entered a volcano
 22972 | Lair:5   | Noticed Snorg
 23610 | Lair:5   | Reached XP level 14. HP: 81/118 MP: 7/32
 25026 | Lair:5   | Killed Snorg
 25675 | Lair:5   | Found a large runed translucent door.
 25875 | Lair:5   | Found a large runed translucent door.
 26506 | Orc:1    | Entered Level 1 of the Orcish Mines
 26687 | Orc:1    | Noticed Jorgrun
 26699 | Orc:1    | Killed Jorgrun
 26708 | Orc:1    | Noticed Fannar
 26834 | D:9      | Killed Fannar
 27314 | Orc:1    | Learned a level 2 spell: Passwall
 27315 | Orc:2    | Entered Level 2 of the Orcish Mines
 27569 | Orc:2    | Paralysed by an orc sorcerer for 4 turns
 27774 | Orc:2    | Noticed Josephine
 27780 | Orc:2    | Killed Josephine
 29010 | Orc:2    | Noticed Saint Roka
 29023 | Orc:1    | Learned a level 2 spell: Poisonous Vapours
 29436 | Orc:2    | Killed Saint Roka
 30358 | Orc:2    | Found a staircase to the Elven Halls.
 30406 | Orc:2    | Reached skill level 10 in Shields
 30406 | Orc:2    | Reached XP level 15. HP: 129/129 MP: 25/36
 30472 | Orc:2    | Found Qedd's Magic Scroll Shop.
 30472 | Orc:2    | Found Wusuavy's Distillery.
 30473 | Orc:2    | Found Ocost's General Store.
 30477 | Orc:2    | Found Ehyess's Book Boutique.
 30480 | Orc:2    | Bought a scroll of fear for 60 gold pieces
 30483 | Orc:2    | Bought a book of Decay for 420 gold pieces
 30489 | Orc:2    | Bought a scroll of teleportation for 39 gold pieces
 30489 | Orc:2    | Bought a scroll of teleportation for 39 gold pieces
 30491 | Orc:2    | Bought a scroll of fear for 60 gold pieces
 30491 | Orc:2    | Bought a scroll of teleportation for 45 gold pieces
 30491 | Orc:2    | Bought a scroll of teleportation for 45 gold pieces
 30493 | Orc:2    | Bought the Incunable of the Filthy Ground for 672 gold
                  | pieces
 30874 | D:8      | Learned a level 4 spell: Dispel Undead
 31437 | D:3      | Killed Agrajag's ghost
 31594 | D:4      | Killed Dana's ghost
 32537 | D:12     | Found a large runed translucent door.
 32537 | D:12     | Found a large runed translucent door.
 32537 | D:12     | Noticed Kave's ghost (journeyman TrSh)
 33455 | D:13     | Reached skill level 1 in Necromancy
 33940 | D:13     | Found Ciaholl's Book Boutique.
 34147 | D:13     | Found Xeshyq's Armour Shop.
 34590 | D:13     | Identified the +8 falchion of Incongruity {vamp, rN+ Dex+6
                  | Stlth-}
 34601 | D:13     | Found a corrupted altar of Lugonu.
 35171 | D:14     | Noticed Frances
 35188 | D:14     | Killed Frances
 35373 | D:14     | Found Duwnaumn's Armour Emporium.
 35382 | D:14     | Bought a +0 helmet of intelligence for 161 gold pieces
 35382 | D:14     | Bought a +0 cloak of poison resistance for 119 gold pieces
 35389 | D:14     | Reached ***** piety under Ashenzari
 35768 | D:14     | Reached skill level 5 in Necromancy
 36109 | D:14     | Noticed Kirke
 36119 | D:14     | Killed Kirke
 36332 | D:14     | Found a gate to the Vaults.
 36603 | D:15     | Entered Level 15 of the Dungeon
 36603 | D:15     | Found a runed translucent gate.
 36603 | D:15     | Found a runed translucent gate.
 36604 | D:15     | Found a runed translucent gate.
 36605 | D:15     | Noticed a rockslime
 36648 | D:15     | Noticed Joahel's ghost (adept MiAK)
 36833 | D:15     | Reached skill level 1 in Earth Magic
 37391 | D:15     | Identified the Secrets of Brilliant Glaciation
 37692 | D:15     | Found a staircase to the Depths.
 37750 | D:15     | Found an ornate altar of the Wu Jian Council.
 37760 | D:15     | Reached XP level 16. HP: 120/136 MP: 24/38
 37815 | D:15     | Identified the +9 broad axe of Expedience {heavy, Int+4}
 38092 | D:15     | Learned a level 6 spell: Bombard
 38201 | D:15     | Found a stormy altar of Qazlal.
 38355 | D:15     | Found a viscous altar of Jiyva.
 38355 | D:15     | Identified the +1 battleaxe of Enlaedea {heavy, rC+ Will+}
 38546 | Snake:1  | Entered Level 1 of the Snake Pit
 38547 | Snake:1  | Upgraded the game from 0.31-a0-1144-g99969ba to
                  | 0.31-a0-1161-g593ecc8
 38677 | Snake:1  | Identified the +9 flail of Embarrassment {holy, Str+3}
 38924 | Snake:1  | Reached skill level 5 in Earth Magic
 40092 | Snake:1  | Noticed Mlioglotl
 40098 | Snake:1  | Noticed a tentacled starspawn
 40100 | Snake:1  | Killed Mlioglotl
 40509 | Snake:1  | Found a shimmering altar of Xom.
 41141 | Snake:2  | Identified the serpent talisman of Theory {rElec rF- Int+4
                  | Stlth+}
 41141 | Snake:2  | Noticed Aizul
 41169 | Snake:2  | Killed Aizul
 42706 | Snake:2  | Reached skill level 15 in Spellcasting
 42715 | Snake:2  | Reached XP level 17. HP: 142/142 MP: 38/40
 43258 | Snake:2  | Noticed Azrael
 43267 | Snake:2  | Killed Azrael
 44540 | Snake:2  | Identified the staff of Iraerotu {Int+4 Dex+3 Stlth- Earth}
 44541 | Snake:2  | Identified the staff "Foschune" {rPois rC- rN+ Str-4 Dex+6
                  | Necro}
 45013 | Snake:3  | Found Honleq's Jewellery Shoppe.
 45109 | Snake:3  | Found Vanacy's General Store.
 45195 | Snake:3  | Bought the ring of Fiff {rElec MP+9 Str+5 Int+6} for 1191
                  | gold pieces
 45485 | D:12     | Killed Kave's ghost
 45502 | D:12     | Learned a level 7 spell: Ozocubu's Refrigeration
 45854 | Snake:3  | Found a shimmering blue altar of Sif Muna.
 46654 | Snake:3  | Noticed Vashnia
 47388 | Snake:3  | Killed Vashnia
 47525 | Snake:3  | Found Vanacy's General Store.
 47525 | Snake:3  | Found Honleq's Jewellery Shoppe.
 47719 | Snake:4  | Entered Level 4 of the Snake Pit
 47768 | Snake:4  | Found an iron altar of Okawaru.
 49245 | Snake:4  | Reached XP level 18. HP: 147/147 MP: 41/43
 49538 | Snake:4  | Got a serpentine rune of Zot
 49626 | Snake:4  | Found Zuffoda's Book Boutique.
 49796 | Snake:4  | Learned a level 5 spell: Borgnjor's Vile Clutch
 49922 | Swamp:1  | Entered Level 1 of the Swamp
 50763 | Swamp:1  | Learned a level 5 spell: Irradiate
 52029 | Swamp:2  | Noticed a tentacled monstrosity
 52038 | Swamp:2  | Killed a tentacled monstrosity
 52664 | Swamp:3  | Reached skill level 10 in Ice Magic
 53069 | Swamp:3  | Identified a scroll of acquirement
 53081 | Swamp:3  | Acquired 1293 gold pieces
 53562 | Swamp:4  | Entered Level 4 of the Swamp
 53978 | Swamp:4  | Noticed a tentacled monstrosity
 53990 | Swamp:4  | Killed a tentacled monstrosity
 55766 | Swamp:4  | Got a decaying rune of Zot
 56284 | Elf:1    | Entered Level 1 of the Elven Halls
 56452 | Elf:1    | Reached XP level 19. HP: 157/157 MP: 31/48
 57941 | Elf:1    | Identified the Elucidation of the Discharge
 58999 | Elf:2    | Found a runed translucent gate.
 59010 | Elf:2    | Learned a level 9 spell: Polar Vortex
 59010 | Elf:2    | Found a runed translucent gate.
 59010 | Elf:2    | Found a runed translucent gate.
 59776 | Elf:2    | Noticed Nikola
 59782 | Elf:2    | Killed Nikola
 60807 | Elf:3    | Entered Level 3 of the Elven Halls
 61480 | Elf:3    | Acquired 948 gold pieces
 62435 | Elf:3    | Reached XP level 20. HP: 105/164 MP: 3/50
 62877 | Elf:3    | Identified the +1 leather armour "Luackiot" {*Corrode rElec
                  | Str+3}
 62999 | Elf:3    | Identified the +0 plate armour of the Three Bones {*Corrode
                  | Int+2 Dex+3 Stlth+}
 63244 | Elf:3    | Identified the Quarto of the Battered Olives
 63307 | Elf:3    | Identified the Collected Works on the Charred Wayfarer
 63307 | Elf:3    | Identified the +4 longbow of Clean Optimality {heavy,
                  | Will++ Str-3 Int+4 Dex+3}
 63351 | Elf:3    | Identified the Lessons on Air and Sparks
 63786 | Vaults:1 | Entered Level 1 of the Vaults
 63851 | Vaults:1 | Identified the +2 orcbow of Teag {elec, Str+4}
 64690 | Vaults:1 | Noticed Norris
 64696 | Vaults:1 | Killed Norris
 65029 | Vaults:1 | Reached skill level 15 in Ice Magic
 66024 | Vaults:1 | Identified the +5 sling of the Feeding Shark {heavy, rPois}
 68486 | Vaults:2 | Found Umutil's Distillery.
 68534 | Vaults:2 | Reached XP level 21. HP: 170/170 MP: 33/52
 68981 | Vaults:2 | Identified the +4 ring mail "Kum Xoq" {rN+}
 70450 | Vaults:3 | Found a portal to a secret trove of treasure.
 71062 | Vaults:3 | Found a staircase to the Crypt.
 72514 | Vaults:4 | Found Makero's Distillery.
 72783 | Vaults:4 | Identified the staff of the Skies Above {rN+ Dex-5 Necro
                  | Tmut Earth}
 73369 | Vaults:5 | Entered Level 5 of the Vaults
 73445 | Vaults:5 | Reached XP level 22. HP: 166/177 MP: 39/53
 73446 | Vaults:5 | Noticed a dread lich
 73448 | Vaults:5 | Noticed a dread lich
 73561 | Vaults:5 | Noticed a dread lich
 73564 | Vaults:5 | Killed a dread lich
 73566 | Vaults:5 | Killed a dread lich
 73566 | Vaults:5 | Killed a dread lich
 73566 | Vaults:5 | Noticed a dread lich
 73638 | Vaults:5 | Noticed a dread lich
 73640 | Vaults:5 | Killed a dread lich
 73947 | D:15     | Killed Joahel's ghost
 74307 | Vaults:4 | Killed a dread lich
 74710 | Vaults:5 | Noticed an ancient lich
 74710 | Vaults:5 | Paralysed by an orc sorcerer for 4 turns
 74712 | Vaults:5 | Noticed an ancient lich
 74712 | Vaults:5 | HP: 5/177 [ancient lich/bolt of acid (54)]
 74804 | Vaults:5 | Noticed a golden dragon
 74807 | Vaults:5 | Identified the +0 shadow dragon scales of the Soldier {rN+
                  | Str-2 SInv Stlth++++}
 74824 | Vaults:5 | Noticed a golden dragon
 74977 | Vaults:5 | Killed a golden dragon
 74977 | Vaults:5 | Identified the +8 lajatang "Umpihuamiaz" {speed, *Rage
                  | rElec rCorr Stlth+}
 75147 | Vaults:5 | Killed an ancient lich
 75280 | Vaults:5 | Killed a golden dragon
 75326 | Vaults:5 | Identified the +8 triple sword of Gozag's Benevolence
                  | {heavy, Fly SInv}
 75530 | Vaults:5 | Killed an ancient lich
 75910 | Vaults:5 | Identified the +7 dagger of the Median {freeze, Dex+6}
 75914 | Vaults:5 | Found the +7 captain's cutlass {speed, disarm}
 76065 | Vaults:5 | Found Ukhletta's Antique Armour Emporium.
 76149 | Vaults:5 | Identified the staff "Paterafa" {rN+ Int+5 Necro}
 76519 | Vaults:5 | Got a silver rune of Zot
 76874 | Vaults:5 | Reached XP level 23. HP: 136/183 MP: 42/54
 77139 | Vaults:5 | Found Zaghuu's Antique Armour Shop.
 77438 | Depths:1 | Entered Level 1 of the Depths
 77662 | Depths:1 | Noticed Mara
 77820 | Depths:1 | Noticed mightyno9's illusion
 77821 | Depths:1 | Killed Mara
 78031 | Depths:1 | Noticed Plog's ghost (veteran SpBr)
 78038 | Depths:1 | Identified the ring "Urolulac" {Fire *Corrode Fly rN+
                  | Dex+6}
 78122 | Depths:1 | Found a one-way gate leading to the halls of Pandemonium.
 78422 | Depths:1 | Found a one-way gateway to a ziggurat.
 78606 | Depths:1 | Found a runed translucent gate.
 78606 | Depths:1 | Found a runed translucent gate.
 78608 | Depths:1 | Found a runed translucent gate.
 78681 | Depths:1 | Found a gateway to Hell.
 78814 | Depths:1 | Found a basalt altar of Yredelemnul.
 79967 | Depths:2 | Identified the +1 short sword of Arbitration {flame,
                  | Fragile rElec Str+2}
 81281 | Depths:2 | Learned a level 5 spell: Yara's Violent Unravelling
 81355 | Depths:2 | Found a shimmering blue altar of Sif Muna.
 81517 | Depths:2 | Reached skill level 5 in Dodging
 81830 | Depths:3 | Found a magical portal.
 81835 | WizLab   | Entered Yara's Duelist Academy
 82767 | WizLab   | Noticed Ryzinufi
 82773 | WizLab   | Killed Ryzinufi the Head Instructor
 83027 | WizLab   | Identified the Grimoire of the Graveyard
 83109 | Depths:3 | Found Zesych's Weapon Shoppe.
 83261 | Depths:3 | Reached skill level 1 in Transmutations
 83637 | Depths:3 | Identified the +0 chain mail of the Battered Tusks {Rampage
                  | Fly rF- Int+4}
 83646 | Depths:3 | Noticed Xtahua
 83648 | Depths:3 | Killed Xtahua
 83724 | Depths:3 | Found a corrupted altar of Lugonu.
 83734 | Depths:3 | Reached XP level 24. HP: 195/195 MP: 43/54
 84322 | Depths:3 | Identified the +0 robe "Ynirhed" {*Corrode rElec Regen+}
 84565 | Depths:3 | Identified the ring "Cypeuf" {Ice Fly rElec Dex-5 Slay+5}
 85142 | Depths:3 | Found a one-way gate to the infinite horrors of the Abyss.
 85278 | Depths:4 | Entered Level 4 of the Depths
 85288 | Depths:4 | Found a runed translucent gate.
 85288 | Depths:4 | Noticed Guiptisch's ghost (veteran SpBr)
 85289 | Depths:4 | Found a runed translucent gate.
 85289 | Depths:4 | Identified the +2 pair of gloves of Squeaky Salvation {rC+
                  | Will- rCorr Stlth+}
 85290 | Depths:4 | Found a runed translucent gate.
 86368 | Depths:4 | Reached skill level 5 in Transmutations
 87111 | Depths:4 | Identified the Enchiridion on Enchanted Bones
 87424 | Depths:4 | Found a gate to the Realm of Zot.
 87827 | Zot:1    | Entered Level 1 of the Realm of Zot
 87973 | Zot:1    | Reached skill level 15 in Fighting
 88076 | Zot:1    | Noticed Parghit
 88428 | Zot:1    | Parghit changed into Parghit the titan
 88428 | Zot:1    | Noticed Parghit
 88431 | Zot:1    | Killed Parghit the titan
 88945 | Zot:1    | Found the +4 dragonskin cloak
 88945 | Zot:1    | Noticed Tiamat
 89044 | Zot:1    | Killed Tiamat
 89549 | Zot:1    | Identified the +9 ring mail "Ukkeq" {+Blink}
 89987 | Zot:1    | Identified the +0 chain mail of Broken Taboos {Will+ Str+3
                  | Stlth-}
 90474 | Zot:2    | Reached XP level 25. HP: 199/208 MP: 27/53
 91017 | Zot:2    | Upgraded the game from 0.31-a0-1161-g593ecc8 to
                  | 0.31-a0-1163-gcee99d1
 92111 | Zot:2    | Reached skill level 10 in Dodging
 92311 | Zot:2    | Identified the +2 flail of Virtue {drain, Str+2}
 93772 | Zot:3    | Found a transporter.
 93785 | Zot:3    | Noticed an orb of fire
 93786 | Zot:3    | Found a transporter.
 93829 | Zot:3    | Noticed Cigeacw's ghost (veteran MiFi)
 93863 | Zot:3    | Noticed an ancient lich
 94793 | Zot:3    | Identified the +3 great sword of Setusm {freeze, *Rage
                  | +Blink Str+4}
 94877 | Zot:3    | Noticed Fimom's ghost (legendary FoHu)
 95031 | Zot:3    | Noticed Ris Kia's ghost (legendary MiFi)
 95035 | Zot:3    | Identified the +0 pair of gloves "Put-Me-On" {Rampage rF+
                  | Dex+3}
 95203 | Zot:3    | Noticed a Killer Klown
 95208 | Zot:3    | Reached skill level 5 in Evocations
 95527 | Zot:5    | Entered Level 5 of the Realm of Zot
 96578 | Zot:5    | Reached skill level 5 in Stealth
 96849 | Zot:5    | Noticed a dread lich
 96862 | Zot:5    | Killed a dread lich
 97163 | Zot:5    | Reached XP level 26. HP: 224/227 MP: 27/54
 97212 | Zot:5    | Noticed an orb of fire
 97233 | Zot:5    | Killed an orb of fire
 97452 | Zot:5    | Noticed a dread lich
 97458 | Zot:5    | Killed a dread lich
 97884 | Zot:5    | Noticed an orb of fire
 97963 | Zot:5    | Killed an orb of fire
 98046 | Zot:5    | Noticed a dread lich
 98062 | Zot:5    | Learned a level 4 spell: Vhi's Electric Charge
 98074 | Zot:5    | Killed a dread lich
 98696 | Zot:5    | Noticed an ancient lich
 98708 | Zot:5    | Killed an ancient lich
 99060 | Zot:5    | Got the Orb of Zot
 99358 | D:15     | Noticed Vugigaoh the pandemonium lord
 99406 | D:13     | Noticed Ikhisuos the pandemonium lord
 99549 | D:6      | Noticed Tudueh the pandemonium lord
 99559 | D:6      | Killed Tudueh the pandemonium lord
 99684 | D:$      | Escaped with the Orb!

Illustrated notes

Levels and vault maps discovered:
D:1:      minmay_arrival_radiant_lines, layout_basic
D:2:      layout_loops_corners
D:3:      layout_rooms, nicolae_overflow_crystal_walls,
          gammafunk_ghost_nasty_kobolds, basic_ecumenical_altar
D:4:      layout_basic, amethyst_overflow_temple_binary, temple_green,
          gammafunk_ghost_mausoleum, serial_shops,
          nicolae_shop_tiny_statue_garden, uniq_pikel
D:5:      layout_basic
D:6:      minmay_polygon_palace, layout_basic,
          serial_library_regret_index_branch_corner, small_statue_intersection,
          glass_columns_b
D:7:      layout_rooms, nicolae_overflow_hallway_of_the_gods,
          chequers_serial_rivers_room_b, kennysheep_donut
D:8:      minmay_clustersquares, layout_basic, enter_bailey_4, uniq_joseph
D:9:      minmay_spotlight, layout_loops_ring, orc_0_dummy, uniq_erolcha
D:10:     layout_irregular_city, lightli_orcish_oven, uniq_urug, uniq_sonja
D:11:     layout_rooms, erik_lair_island, serial_bayou_pond_e, eino_curves_04,
          minivault_10, serial_bayou_pond_b
D:12:     layout_gridville, ebering_ghost_disaster_area, kennysheep_cross_room
D:13:     layout_small_grid, serial_shops, shop_coins, shop, special_room
          [special_room_orc], tgw_lugonu_bribe
D:14:     layout_long_grid, david_vaults_4, nicolae_benzene_ring, serial_shops,
          nicolae_shop_mannequins, uniq_kirke, uniq_frances
D:15:     hangedman_depths_entry_civil_slaughter, layout_long_grid,
          nicolae_wu_jian_wuxing_cycle, gammafunk_ghost_ooze,
          grunt_qazlal_clouds
Temple:   jpeg_temple_clearing
Lair:1:   layout_layer_cave
Lair:2:   layout_regular_city, skrybe_swamp_entry_bodies,
          guppyfry_snake_entry_garden, grunt_forest_large_clearings,
          grunt_megastairs_5
Lair:3:   layout_misc_corridors, grunt_megastairs_1, infiniplex_staircase_pool
Lair:4:   layout_regular_city, nicolae_slime_entry_slimehenge
Lair:5:   cheibrodos_lair_end_hotspot, layout_layer_cave,
          lightli_volcano_entry_magma_tube, minivault_23,
          infiniplex_staircase_pool_2, uniq_snorg
Swamp:1:  layout_basic_swamp, evilmike_swamp_ruin_rubble_2
Swamp:2:  layout_falls_marsh, evilmike_swamp_ruin_house_4
Swamp:3:  layout_falls_marsh, hangedman_swamp_ruin_wall, swamp_pool_1_2
Swamp:4:  swamp_fiery, layout_basic_swamp
Snake:1:  layout_chambers, basic_altar, lemuel_fruit_tree, uniq_mlioglotl
Snake:2:  kennysheep_snake, layout_misc_corridors, st_stairs_11, uniq_azrael,
          uniq_aizul
Snake:3:  nicolae_snake_attic_fulla_snakes, layout_misc_corridors,
          grunt_ministairs_6, nicolae_snake_gridmaze_squiggle,
          serial_library_hellmonk_narrow_alcove, nicolae_twisty_statue_hallways,
          minmay_shoptagon, uniq_vashnia
Snake:4:  minmay_snake_end_coiled, layout_cave_town, basic_altar, serial_shops,
          nicolae_shop_waterfront
Orc:1:    layout_caves, uniq_jorgrun, uniq_fannar
Orc:2:    st_orc_mages, layout_caves, uniq_saint_roka, uniq_josephine
Elf:1:    elf_arrival_002, layout_geoelf_diagonals, minmay_elf_annihilation
Elf:2:    nicolae_elf_blades_crystal_corner, layout_geoelf_octagon, uniq_nikola
Elf:3:    elf_hall, layout_geoelf_castle
Vaults:1: vaults_mumra_chevron, nicolae_vaults_shipping_containers_4,
          ontoclasm_vaults_fault, v_misc_9, v_misc_25,
          nicolae_vaults_sealed_display, v_misc_30, grunt_vaults_funnel,
          nicolae_vaults_wrenched, v_misc_11, layout_vaults_omnibox, uniq_norris
Vaults:2: nicolae_vaults_security_offices_6, v_alt_pattern_1, v_misc_16,
          nicolae_vaults_little_squares_2, nicolae_vaults_turnstiles,
          nicolae_vaults_closet_pinwheel_4, layout_vaults_omnigrid,
          serial_shops, nicolae_shop_industrial_runoff
Vaults:3: hangedman_vaults_pinch, nicolae_vaults_closet_pinwheel_6,
          minmay_crypt_entry_simple_round, nicolae_vaults_offset_grid_hallway_1,
          nicolae_vaults_storage_room_doors, vaults_room_stairs_pillars,
          layout_vaults_chaotic_city, nicolae_trove_entry_free_sample
Vaults:4: nicolae_vaults_storage_room_glass, hangedman_vaults_impose,
          nicolae_vaults_closet_pinwheel_5, nicolae_vaults_frosty_reception,
          nicolae_vaults_offset_grid_hallway_2, v_misc_14,
          nicolae_vaults_diamond_1, nicolae_vaults_hexular_roomagon,
          nicolae_vaults_heist, ontoclasm_vaults_bender,
          ontoclasm_vaults_misaligned, nicolae_vaults_tetromino_T_1,
          nicolae_vaults_tetromino_Z_1, layout_vaults_omnicross, serial_shops,
          shop
Vaults:5
Depths:1: layout_long_grid, enter_ziggurat_b, gammafunk_ghost_icy, pan_entry,
          nrook_mini_vaults, pf_hell_entry_tar_spiral,
          nicolae_yredelemnul_corpse_copse, uniq_mara
Depths:2: minmay_crystal_thing, layout_basic, nicolae_figureground_sparkle,
          hellmouth_1, rand_demon_pan_entry_8, infiniplex_staircase_zigzag_3
Depths:3: minmay_the_grid_square_5x5_4x4_mashed
          [minmay_the_grid_square_5x5_fancy_junction,
          minmay_the_grid_square_5x5_inner_z, minmay_the_grid_square_5x5_two,
          minmay_the_grid_square_5x5_corner,
          minmay_the_grid_square_5x5_checkered_sparse,
          minmay_the_grid_square_5x5_prize_itemx,
          minmay_the_grid_square_5x5_prize_pseudospiral,
          minmay_the_grid_square_5x5_two_walls_a,
          minmay_the_grid_square_5x5_three_walls,
          minmay_the_grid_square_5x5_prize_snowflake,
          minmay_the_grid_square_5x5_prize_rear_guard,
          minmay_the_grid_square_5x5_minimal,
          minmay_the_grid_square_5x5_hollow_slash,
          minmay_the_grid_square_5x5_misaligned,
          minmay_the_grid_square_5x5_percent,
          minmay_the_grid_square_5x5_checkered], layout_basic, serial_shops,
          shop, hell_entry, abyss_entry_flame_altar, minmay_misc_feat_x,
          mu_enter_wizlab_2, hangedman_decor_points, uniq_xtahua
Depths:4: evilmike_zot_entry_round, layout_gridlike, hellmouth_2,
          rand_demon_pan_entry_9, gammafunk_ghost_split,
          serial_sigils_hangedman_gut
Zot:1:    layout_basic, hangedman_zot_decor_slant, st_stairs_14,
          regret_index_zotdec_wing_it, uniq_tiamat, uniq_parghit
Zot:2:    layout_basic
Zot:3:    kennysheep_oblong_rooms, layout_onion, nzn_ghost_randoct,
          grunt_megastairs_3
Zot:4:    layout_twisted_circle, regret_index_zotdec_silver_v_v_orig_slice
Zot:5:    layout_basic

Skill      XL: |  1  2  3  4  5  6  7  8  9 10 11 12 13 14 15 16 17 18 19 20 21 22 23 24 25 26 |
---------------+-------------------------------------------------------------------------------+-----
Spellcasting   | 3 4 5 8 10 12 13 15 18 20 22 23 | 23.9
Conjurations   | 4 5 6 7 8 9 |  9.8
Hexes          | 1 4 |  4.0
Translocations | 1 4 |  4.0
Fighting       | 3 4 9 10 12 15 18 | 18.0
Stealth        | 2 4 6 9 |  9.5
Armour         | 5 6 7 |  7.2
Throwing       | 4 6 |  6.0
Shields        | 1 5 6 10 11 | 11.4
Dodging        | 4 6 9 11 | 11.0
Evocations     | 2 4 7 9 |  9.8
Ice Magic      | 1 5 8 11 13 16 19 22 23 | 23.4
Air Magic      | 1 5 |  5.3
Necromancy     | 5 |  5.8
Earth Magic    | 4 8 |  8.8
Transmutations | 1 5 |  5.8

Action                     |  1- 3 |  4- 6 |  7- 9 | 10-12 | 13-15 | 16-18 | 19-21 | 22-24 | 25-27 || total
---------------------------+-------+-------+-------+-------+-------+-------+-------+-------+-------++-------
  Melee: Unarmed           |     6 |       |       |       |       |       |       |       |       ||     6
         Dagger            |    15 |     3 |       |       |       |       |       |       |       ||    18
         Staff             |       |       |     3 |     3 |    91 |    83 |       |     4 |    18 ||   202
         Broad axe         |       |       |       |       |       |    26 |    40 |       |       ||    66
         Rapier            |       |       |       |       |       |       |       |    65 |       ||    65
  Throw: Dart              |       |       |       |    17 |    50 |       |       |       |       ||    67
         Throwing net      |       |       |       |       |     1 |       |       |       |       ||     1
         Javelin           |       |       |       |       |       |       |     1 |       |       ||     1
   Cast: Magic Dart        |    50 |    60 |    19 |    62 |    72 |     2 |       |       |       ||   265
         Searing Ray       |    10 |    32 |    81 |   135 |    91 |    11 |       |       |       ||   360
         Fulminant Prism   |       |       |    31 |   109 |    30 |       |       |       |       ||   170
         Blink             |       |       |     1 |       |       |       |       |     1 |       ||     2
         Iskenderun's Myst |       |       |       |    30 |   168 |     3 |       |       |       ||   201
         Mephitic Cloud    |       |       |       |     2 |     3 |     1 |       |       |       ||     6
         Inner Flame       |       |       |       |     1 |    16 |       |       |       |       ||    17
         Freezing Cloud    |       |       |       |       |   248 |   237 |     2 |       |       ||   487
         Poisonous Vapours |       |       |       |       |    69 |       |       |       |       ||    69
         Passwall          |       |       |       |       |     1 |     2 |       |       |    14 ||    17
         Dispel Undead     |       |       |       |       |    18 |    21 |     5 |    49 |    25 ||   118
         Bombard           |       |       |       |       |       |   112 |    46 |    47 |    23 ||   228
         Ozocubu's Refrige |       |       |       |       |       |   132 |   408 |   289 |   204 ||  1033
         Borgnjor's Vile C |       |       |       |       |       |    34 |    63 |    61 |    14 ||   172
         Irradiate         |       |       |       |       |       |    18 |    30 |    88 |    45 ||   181
         Polar Vortex      |       |       |       |       |       |       |    21 |    88 |    57 ||   166
         Yara's Violent Un |       |       |       |       |       |       |       |       |     1 ||     1
         Vhi's Electric Ch |       |       |       |       |       |       |       |       |     1 ||     1
 Invoke: Curse Item        |       |       |     4 |     3 |     5 |     3 |     1 |       |     1 ||    17
         Shatter the Chain |       |       |       |       |     4 |     3 |     1 |     1 |       ||     9
  Evoke: Wand              |       |     2 |     4 |    10 |     6 |     6 |     7 |    14 |     2 ||    51
    Use: Scroll            |       |     1 |     2 |     5 |     3 |     3 |     5 |    18 |     4 ||    41
   Stab: Confused          |       |       |       |       |     1 |       |       |       |       ||     1
         Paralysed         |       |       |       |       |       |       |       |     2 |       ||     2
 Armour: Robe              |    29 |    27 |    73 |   186 |     9 |       |       |       |       ||   324
         Ring mail         |       |       |       |       |   348 |   560 |   175 |   455 |   203 ||  1741
  Dodge: Dodged            |    35 |    20 |    57 |   139 |   165 |   168 |    76 |   166 |    83 ||   909
         Repelled          |       |       |       |       |       |       |     5 |    11 |       ||    16
  Block: Buckler           |       |       |       |    44 |    35 |       |       |       |       ||    79
         Kite shield       |       |       |       |       |   145 |   267 |   145 |   246 |    90 ||   893

Table legend: (Time is in decaauts)
 A = Elapsed time spent in this place.
 B = Non-inter-level travel time spent in this place.
 C = Inter-level travel time spent in this place.
 D = Time resting spent in this place.
 E = Time spent auto-exploring this place.
 F = Levels seen in this place.
 G = Mean time per level.
                   A        B        C        D        E       F      G
               +--------+--------+--------+--------+--------+-----+--------+
         Total | 100339 |  95596 |   4743 |  33534 |  44291 |  51 | 1967.4 |
       Dungeon |  24199 |  22463 |   1736 |   5543 |  12514 |  15 | 1613.3 |
        Temple |     30 |     16 |     14 |      0 |      0 |   1 |   30.0 |
          Lair |  11299 |  10553 |    746 |   4055 |   4670 |   5 | 2259.8 |
         Swamp |   6478 |   6365 |    113 |   2949 |   2444 |   4 | 1619.5 |
     Snake Pit |  11053 |  10597 |    456 |   3209 |   5269 |   4 | 2763.2 |
  Orcish Mines |   4485 |   4268 |    217 |   2305 |   1039 |   2 | 2242.5 |
   Elven Halls |   7044 |   6808 |    236 |   2336 |   3097 |   3 | 2348.0 |
        Vaults |  13065 |  12392 |    673 |   4400 |   6263 |   5 | 2613.0 |
        Depths |   9901 |   9452 |    449 |   2703 |   5185 |   4 | 2475.2 |
           Zot |  10532 |  10433 |     99 |   4880 |   3367 |   5 | 2106.4 |
        Bailey |    420 |    420 |      0 |    126 |    134 |   1 |  420.0 |
       Volcano |    591 |    591 |      0 |    342 |      0 |   1 |  591.0 |
        Wizlab |   1236 |   1236 |      0 |    686 |    307 |   1 | 1236.0 |
               +--------+--------+--------+--------+--------+-----+--------+

Top non-repeatable levels by time:
 Snake:2: 3825 daAuts
Depths:4: 3492 daAuts
Vaults:4: 3397 daAuts
   Zot:5: 3382 daAuts
  Lair:5: 3300 daAuts
Vaults:1: 3110 daAuts
    D:14: 3040 daAuts
   Zot:2: 2930 daAuts
   Elf:3: 2757 daAuts
 Snake:1: 2622 daAuts
 Snake:3: 2594 daAuts
Vaults:3: 2590 daAuts
   Orc:1: 2582 daAuts
   Elf:2: 2407 daAuts
   Zot:1: 2384 daAuts
